 Dungeon Crawl Stone Soup version 0.29-a0-824-gd827844252 (webtiles) character file.

Game seed: 2114472990141593933

128 Querens the Covered (level 5, -3/46 HPs)
             Began as a Meteoran Fighter on July 10, 2022.
             Killed from afar by Ijyb (17 damage)
             ... with a bolt of acid
             ... on level 3 of the Dungeon.
             The game lasted 00:03:59 (1359 turns).

Querens the Covered (Meteoran Fighter)              Turns: 1359, Time: 00:04:00

Health: -3/46      AC:  4    Str: 19    XL:     5   Next: 61%
Magic:  6/6        EV:  9    Int: 10    God:
Gold:   112        SH:  5    Dex: 13    Spells: 4/4 levels left

rFire   + . .      SeeInvis .   a - +0 war axe
rCold   . . .      Faith    .   c - +0 buckler
rNeg    . . .      Spirit   .   b - +0 scale mail
rPois   .          Reflect  .   (no helmet)
rElec   .          Harm     .   (no cloak)
rCorr   .          Rampage  .   m - +0 pair of gloves
Will    .....                   (no boots)
Stlth   ..........              (no amulet)
HPRegen 0.15/turn               n - ring of protection from fire
MPRegen 0.10/turn               (no ring)

@: mighty, corroded, glowing
A: sense surroundings 1, otherworldly, glowing, explore regen
a: no special abilities


You were on level 3 of the Dungeon.
You visited 1 branch of the dungeon, and saw 3 of its levels.

You collected 112 gold pieces.

Inventory:

Hand Weapons
 a - a +0 war axe (weapon)
Armour
 b - a +0 scale mail (worn)
 c - a +0 buckler (worn)
 m - a +0 pair of gloves (worn)
Jewellery
 n - a ring of protection from fire (left hand)
Scrolls
 f - a scroll of fear {unknown}
 g - a scroll of blinking {unknown}
 h - a scroll of amnesia {unknown}
 i - 2 scrolls of brand weapon {unknown}
 k - a scroll of identify {unknown}
 l - 2 scrolls of teleportation {unknown}
Potions
 e - 2 potions of curing {unknown}
 j - a potion of haste {unknown}
 o - a potion of magic {unknown}


   Skills:
 + Level 4.2 Fighting
 + Level 3.7 Axes
 + Level 4.6 Armour
 + Level 4.6 Shields


You had 4 spell levels left.
You didn't know any spells.
Your spell library contained the following spells:

 Spells                   Type           Power      Damage    Failure   Level
 Sting                    Tmut/Pois      0%         1d3       80%         1
 Poisonous Vapours        Pois/Air       0%         N/A       91%         2
 Ozocubu's Armour         Ice            0%         N/A       99%         3
 Olgreb's Toxic Radiance  Pois           0%         N/A       100%        4
 Ozocubu's Refrigeration  Ice            0%         4d5       100%        7


Dungeon Overview and Level Annotations

Branches:
Dungeon (3/15) Zot: 385

Altars:

Shops:
D:2 (

Annotations:
D:3 Ijyb


Innate Abilities, Weirdness & Mutations

You passively map a small area around you.
You are easily found by Zot.
You glow in the dark.
You regain HP and MP as you explore.


Message History

You closely miss the orc. The orc hits you but does no damage.
An orc comes into view. It is wielding a +0 war axe.
You closely miss the orc.
The orc shouts!
The orc closely misses you.
You slash the orc!
You kill the orc!
You closely miss the orc.
Ijyb the Twisted Goblin comes into view.
She is wielding a +0 club, wearing a +1 leather armour of poison resistance and carrying a wand of acid (10).
The orc closely misses you.
Ijyb shouts!
You hit the orc.
The orc is heavily wounded.
You slash the orc! The orc hits you with a +0 war axe!
The orc hits you but does no damage.
You closely miss the orc.
The orc is almost dead.
You slash the orc!
You kill the orc!
The orc barely misses you. The orc hits you with a +0 war axe.
You miss the orc.
The orc is almost dead.
The orc barely misses you.
You miss the orc.
The orc is almost dead.
You block the orc's attack. The orc hits you but does no damage.
You hit the orc.
You kill the orc!
Ijyb zaps a wand.
The bolt of acid hits you! The acid corrodes you!
You closely miss Ijyb.
Ijyb zaps a wand.
The bolt of acid hits you!
* * * LOW HITPOINT WARNING * * *
You hit Ijyb.
Ijyb is moderately wounded.
Ijyb barely misses you. Ijyb completely misses you.
You feel very mighty all of a sudden. You block Ijyb's attack.
You hit Ijyb.
Ijyb is moderately wounded.
Ijyb zaps a wand.
The bolt of acid hits you!
You die...

#.#.. ##'## .#
#...#. #.# .#
#.###.# #.# ,
, * ##.##
,#####...##
.........#
#####...#####
, , ,*
#..).....####
#..)#@.......
, *
#...g.##.####*
#.#.### #
#.#.* * #,..,
, , ##. *** *
* , #.* * * ,
* * ,


You could see Ijyb.

Vanquished Creatures
  An orc priest (D:3)
  2 adders
  4 dart slugs
  6 orcs (D:3)
  2 bats (D:2)
  6 endoplasms
  2 giant cockroaches
  2 goblins (D:1)
  4 hobgoblins
  5 jackals (D:1)
  9 kobolds
  A quokka (D:2)
  5 ball pythons
  2 frilled lizards
  2 rats (D:1)
53 creatures vanquished.

Vanquished Creatures (others)
  An adder (D:3)
1 creature vanquished.

Grand Total: 54 creatures vanquished

Notes
Turn   | Place    | Note
-------+----------+-------------------------------------------
     0 | D:1      | Querens the Meteoran Fighter began the quest for the Orb.
     0 | D:1      | Reached XP level 1. HP: 19/19 MP: 2/2
     1 | D:1      | Noticed an electric eel
    51 | D:1      | Reached XP level 2. HP: 20/26 MP: 3/3
   110 | D:1      | Reached XP level 3. HP: 25/31 MP: 4/4
   448 | D:2      | Reached XP level 4. HP: 40/40 MP: 5/5
   519 | D:2      | Found Fuubidon's Antique Weapon Shop.
   986 | D:2      | Found a faded altar of an unknown god.
  1156 | D:3      | Reached XP level 5. HP: 28/46 MP: 6/6
  1349 | D:3      | Noticed Ijyb
  1359 | D:3      | Killed from afar by Ijyb

Illustrated notes

Levels and vault maps discovered:
D:1:      arrival_aquarium_a, layout_basic
D:2:      layout_basic, basic_ecumenical_altar, serial_aquarium,
          aquarium_bridge_island_large [aquarium_subvault_large_water,
          aquarium_subvault_window, aquarium_subvault_bridge,
          aquarium_subvault_bridge, aquarium_subvault_bridge],
          aquarium_bridge_long_joined [aquarium_subvault_bridge,
          aquarium_subvault_wall, aquarium_subvault_balcony,
          aquarium_subvault_window, aquarium_subvault_wall,
          aquarium_subvault_bridge], aquarium_window_fake, aquarium_window_fake,
          aquarium_window_3, aquarium_view_4, aquarium_pool_side, serial_shops,
          nicolae_shop_trees
D:3:      layout_loops_corners, minmay_close_crescents, uniq_ijyb

Skill      XL: |  1  2  3  4 |
---------------+-------------+-----
Armour         | 4 |  4.6
Shields        | 4 |  4.6
Axes           | 3 |  3.7
Fighting       | 4 |  4.2

Action                   |  1- 3 |  4- 6 || total
-------------------------+-------+-------++-------
Melee: War axe           |    62 |    80 ||   142
  Use: Potion            |       |     1 ||     1
Armor: Scale mail        |    37 |    50 ||    87
Dodge: Dodged            |    26 |    37 ||    63
Block: Buckler           |    12 |    24 ||    36

Table legend: (Time is in decaauts)
 A = Elapsed time spent in this place.
 B = Non-inter-level travel time spent in this place.
 C = Inter-level travel time spent in this place.
 D = Time resting spent in this place.
 E = Time spent auto-exploring this place.
 F = Levels seen in this place.
 G = Mean time per level.
                   A        B        C        D        E       F      G
               +--------+--------+--------+--------+--------+-----+--------+
         Total |   1412 |   1329 |     83 |      0 |      0 |   3 |  470.7 |
       Dungeon |   1412 |   1329 |     83 |      0 |      0 |   3 |  470.7 |
               +--------+--------+--------+--------+--------+-----+--------+

Top non-repeatable levels by time:
     D:2: 601 daAuts
     D:1: 451 daAuts
     D:3: 360 daAuts
